 Dungeon Crawl Stone Soup version 0.28.0-45-g0d030f2227 (webtiles) character file.

Game seed: 268284669809049668

10 MisterFreud the Skirmisher (level 2, -4/28 HPs)
             Began as a Naga Fighter on Apr 14, 2022.
             Frozen to death by an endoplasm (5 damage)
             ... on level 1 of the Dungeon.
             The game lasted 00:00:45 (310 turns).

MisterFreud the Skirmisher (Naga Fighter)            Turns: 310, Time: 00:00:46

Health: -4/28      AC:  4    Str: 18    XL:     2   Next: 20%
Magic:  2/2        EV:  7    Int:  8    God:
Gold:   10         SH:  4    Dex: 10    Spells: 1/1 levels left

rFire   . . .      SeeInvis +   a - +0 long sword
rCold   . . .      Faith    .   c - +0 buckler
rNeg    . . .      Spirit   .   b - +0 scale mail
rPois   +          Reflect  .   (no helmet)
rElec   .          Harm     .   (no cloak)
rCorr   .          Rampage  .   (no gloves)
Will    .....                   (no barding)
Stlth   ..........              (no amulet)
HPRegen 0.09/turn               (no ring)
MPRegen 0.08/turn               (no ring)

@: very slow
A: AC +0, large, see invisible, deformed body, poison resistance, slowness 2,
spit poison 1, naga tail 1
a: Spit Poison


You were on level 1 of the Dungeon.
You visited 1 branch of the dungeon, and saw 1 of its levels.

You collected 10 gold pieces.

Inventory:

Hand Weapons
 a - a +0 long sword (weapon)
Missiles
 g - 2 silver boomerangs
 h - 4 javelins
Armour
 b - a +0 scale mail (worn)
 c - a +0 buckler (worn)
Scrolls
 e - 2 scrolls of holy word {unknown}
 f - a scroll of torment {unknown}
Potions
 d - 2 potions of might


   Skills:
 - Level 3.0 Fighting
 + Level 2.7 Long Blades
 - Level 2.4 Armour
 - Level 2.4 Shields


You had one spell level left.
You didn't know any spells.
Your spell library was empty.

Dungeon Overview and Level Annotations

Branches:
Dungeon (1/15)

Altars:


Innate Abilities, Weirdness & Mutations

Your serpentine skin is tough. (AC +0)
You have supernaturally acute eyesight. (SInv)
Armour fits poorly on your strangely shaped body.
Your system is resistant to poisons. (rPois)
You cover ground very slowly.
You can spit poison.
You have a snake-like lower body.


Message History

An endoplasm comes into view. x2
There are monsters nearby!
The endoplasm quivers. x2
A frilled lizard comes into view.
The frilled lizard hisses angrily.
A rat comes into view.
The endoplasm jiggles.
The endoplasm freezes you.
You are frozen.
The endoplasm freezes you.
You are frozen.
The rat moves out of view.
You block the endoplasm's attack.
You are too injured to fight recklessly!
Aiming: Spit Poison (2% risk of failure)
Press: ? - help, Shift-Dir - straight line, f - endoplasm
Aim: an endoplasm (97% to hit)
The splash of poison hits the endoplasm.
The endoplasm completely resists.
The endoplasm hits you.
Unknown command.
Unknown command.
You barely miss the endoplasm. The endoplasm freezes you.
You are frozen.
* * * LOW HITPOINT WARNING * * *
You hit the endoplasm.
The endoplasm is moderately wounded.
The endoplasm hits you.
* * * LOW HITPOINT WARNING * * *
The endoplasm barely misses you.
You hit the endoplasm.
The endoplasm is almost dead.
The endoplasm freezes you.
You are frozen.
* * * LOW HITPOINT WARNING * * *
You barely miss the endoplasm.
The endoplasm is almost dead.
You have got your breath back.
The endoplasm freezes you.
You are frozen.
You die...

.....#.#..#.....
..............
............#
............#
.....###....#
..###....#..## ..#
#.####...#
..###....#...#######.#
......##.#.).lJJ@....#
.........#.#..########
......##...#....#
......##.#......#
......##.....>..#
#####.....####..#
#..... ... #..... ..?#
....


You could see 2 endoplasms and a frilled lizard.

Vanquished Creatures
  A ball python (D:1)
  A goblin (D:1)
  2 kobolds (D:1)
  2 bats (D:1)
  2 frilled lizards (D:1)
  2 rats (D:1)
10 creatures vanquished.

Notes
Turn   | Place    | Note
-------+----------+-------------------------------------------
     0 | D:1      | MisterFreud the Naga Fighter began the quest for the Orb.
     0 | D:1      | Reached XP level 1. HP: 21/21 MP: 1/1
   228 | D:1      | Reached XP level 2. HP: 28/28 MP: 2/2
   309 | D:1      | HP: 1/28 [frozen (5)]
   310 | D:1      | Frozen to death by an endoplasm

Illustrated notes

Levels and vault maps discovered:
D:1:      lemuel_arrival_rhombus, layout_basic,
          shapermc_ecumenical_altar_ellora, skrybe_limestone_x,
          minmay_misc_feat_ornament, minmay_hexomino_c4

Action                   || total
-------------------------++-------
Melee: Long sword        ||    26
 Abil: Spit Poison       ||    10
Armor: Scale mail        ||     8
Dodge: Dodged            ||     9
Block: Buckler           ||     4
